 Dungeon Crawl Stone Soup version 0.24.0-41-g2ae2f7f1be (webtiles) character file.

Game seed: 1650101573037408530, levelgen mode: deterministic

18574 Brozuf the Grappler (level 12, -4/124 HPs)
             Began as a Troll Monk on Dec 13, 2019.
             Was a Believer of Ru.
             Slain by a nine-headed hydra (11 damage)
             ... on level 2 of the Lair of Beasts.
             The game lasted 00:47:17 (12796 turns).

Brozuf the Grappler (Troll Monk)                   Turns: 12796, Time: 00:47:17

Health: -4/124     AC: 10    Str: 30    XL:     12   Next: 28%
Magic:  0/11       EV: 11    Int:  6    God:    Ru [**....]
Gold:   469        SH: 10    Dex: 12    Spells: 11/11 levels left

rFire    . . .     SeeInvis .     - Unarmed
rCold    . . .     Gourm    +   S - +0 shield
rNeg     . . .     Faith    .   I - +0 troll leather armour
rPois    .         Spirit   +   (helmet restricted)
rElec    .         Reflect  .   (no cloak)
rCorr    .         Harm     .   (gloves unavailable)
MR       .....                  (boots unavailable)
Stlth    ..........             f - amulet of guardian spirit
HPRegen  1.10/turn              J - +2 ring of protection
MPRegen  0.12/turn              x - +4 ring of strength

@: no status effects
A: large, unfitting armour, claws 3, fast metabolism 3, gourmand, regeneration
1, shaggy fur 1, tough skin 3, no stealth, hated by all, disrupted magic 1
a: Renounce Religion


You were on level 2 of the Lair of Beasts.
You worshipped Ru.
Ru was pleased with you.
You were very full.

You visited 3 branches of the dungeon, and saw 14 of its levels.
You also visited: Ossuary.

You collected 577 gold pieces.
You spent 108 gold pieces at shops.

Inventory:

Missiles
 b - 50 poisoned darts
 n - 3 large rocks (quivered)
Armour
 y - a +0 robe of cold resistance
   (You took it off Erolcha on level 9 of the Dungeon)
 I - a +0 troll leather armour (worn)
   (You found it on level 7 of the Dungeon)
 S - a +0 shield (worn)
   (You found it on level 2 of the Lair of Beasts)
Jewellery
 f - an amulet of guardian spirit (around neck)
   (You found it on level 10 of the Dungeon)
 x - a +4 ring of strength (right claw)
   (You found it in an ossuary)
 z - an uncursed ring of see invisible
   (You found it on level 1 of the Lair of Beasts)
 J - a +2 ring of protection (left claw)
   (You took it off an orc on level 9 of the Dungeon)
 K - an uncursed ring of resist corrosion
   (You found it on level 9 of the Dungeon)
 O - an uncursed ring of flight
   (You found it on level 1 of the Lair of Beasts)
 R - an uncursed ring of positive energy
   (You found it on level 1 of the Lair of Beasts)
Wands
 c - a wand of disintegration (9)
   (You found it on level 5 of the Dungeon)
 t - a wand of flame (10)
   (You found it on level 1 of the Lair of Beasts)
 u - a wand of paralysis (10)
   (You found it on level 5 of the Dungeon)
 v - a wand of digging (6)
   (You found it on level 9 of the Dungeon)
 F - a wand of clouds (3)
   (You found it on level 6 of the Dungeon)
 G - a wand of polymorph (10)
   (You found it on level 8 of the Dungeon)
Scrolls
 h - 7 scrolls of teleportation {@r4}
 i - 3 scrolls of identify {@r1}
 j - 7 scrolls of blinking
 k - 4 scrolls of remove curse {@r2}
 m - a scroll of immolation {!r}
 s - 3 scrolls of fear
 A - 3 scrolls of amnesia
 B - 2 scrolls of fog
 E - 4 scrolls of enchant armour
 L - a scroll of vulnerability {!r}
 T - a scroll of noise {unknown}
Potions
 a - 4 potions of lignification {!q}
 g - 2 potions of mutation {!q}
 l - 4 potions of haste {@q3}
 o - a potion of flight
 p - 4 potions of curing {@q1}
 q - a potion of invisibility
 r - 4 potions of heal wounds {@q2}
 w - a potion of agility
 C - 3 potions of magic
 D - 3 potions of might
 H - a potion of ambrosia
 M - a potion of brilliance
 P - 3 potions of resistance
 Q - a potion of cancellation
Comestibles
 e - 8 rations {!d}
 N - 6 chunks of flesh


   Skills:
 + Level 9.5 Fighting
 - Level 7.1 Dodging
 * Level 3.4 Shields
 + Level 14.5 Unarmed Combat


You had 11 spell levels left.
You didn't know any spells.
Your spell library contained the following spells:

 Spells                   Type           Power        Failure   Level  Hunger
 Flame Tongue             Conj/Fire      #....        92%         1    ##.....
 Infusion                 Chrm           #...         92%         1    ##.....
 Shroud of Golubria       Chrm/Tloc      #.....       97%         2    ###....
 Song of Slaying          Chrm           #.......     97%         2    ###....
 Throw Flame              Conj/Fire      #.....       97%         2    ###....
 Conjure Flame            Conj/Fire      #.......     100%        3    ####...
 Inner Flame              Hex/Fire       #.......     100%        3    ####...
 Regeneration             Chrm/Necr      #.........   100%        3    ####...
 Spectral Weapon          Hex/Chrm       #.......     100%        3    ####...
 Sticky Flame             Conj/Fire      #.......     100%        4    #####..
 Fireball                 Conj/Fire      #.........   100%        5    ######.


Dungeon Overview and Level Annotations

Branches:
Dungeon (11/15)            Temple (1/1) D:5            Lair (2/6) D:10
    Orc (0/2) D:10        Ossuary (visited)
  Swamp: Lair:2-4    Shoals: Lair:2-4     Snake: Lair:2-4    Spider: Lair:2-4

Altars:
Ashenzari
Cheibriados
Elyvilon
Fedhas
Kikubaaqudgha
Nemelex Xobeh
Okawaru
Qazlal
Ru
Trog
Uskayaw
Vehumet
Wu Jian
Xom
Yredelemnul
Zin
The Shining One

Shops:
D:5 (   D:7 }**[   D:9 (

Annotations:
D:4 exclusion: downstairs
D:5 2 runed translucent doors, kalagan's ghost, novice GrEE
D:8 3 runed translucent doors, exclusion: downstairs, Emblim88's ghost, novice SpHu
D:10 exclusion: downstairs


Innate Abilities, Weirdness & Mutations

You are too large for most types of armour.
You have claws for hands.
Your metabolism is lightning-fast.
You like to eat raw meat.
Your natural rate of healing is unusually fast.
You are covered in fur. (AC +1)
You have extremely tough skin. (AC +3)
You cannot be stealthy.
You are hated by all.
Your casting is slightly disrupted.


Message History

You block the eight-headed hydra's attack.
You barely miss the eight-headed hydra. The eight-headed hydra bites you!
The eight-headed hydra bites you. x3
The eight-headed hydra bites you but does no damage.
You block the eight-headed hydra's attack.
The eight-headed hydra bites you.
You block the eight-headed hydra's attack.
You scratch the eight-headed hydra.
You scratch the eight-headed hydra but do no damage.
The eight-headed hydra barely misses you.
The eight-headed hydra bites you but does no damage.
The eight-headed hydra bites you. The eight-headed hydra bites you!
The eight-headed hydra barely misses you. x2
You block the eight-headed hydra's attack.
The eight-headed hydra bites you!
* * * LOW HITPOINT WARNING * * *
You tear one of the eight-headed hydra's heads off!
The seven-headed hydra grows two more!
You claw the nine-headed hydra! The nine-headed hydra bites you.
* * * LOW HITPOINT WARNING * * *
The nine-headed hydra bites you but does no damage.
The nine-headed hydra bites you!
* * * LOW HITPOINT WARNING * * *
The nine-headed hydra bites you but does no damage.
The nine-headed hydra misses you. The nine-headed hydra bites you!
* * * LOW HITPOINT WARNING * * *
The nine-headed hydra bites you but does no damage. x3
Unknown command.
You barely miss the nine-headed hydra.
You block the nine-headed hydra's attack. x2
The nine-headed hydra bites you but does no damage. x2
The nine-headed hydra bites you!
* * * LOW HITPOINT WARNING * * *
You block the nine-headed hydra's attack. x2
The nine-headed hydra bites you.
* * * LOW HITPOINT WARNING * * *
The nine-headed hydra bites you but does no damage.
Unknown command.
Unknown command.
Aiming: Iceblast The mass of ice explodes!
The iceblast engulfs the nine-headed hydra!
The now-empty wand crumbles to dust.
The nine-headed hydra bites you!
* * * LOW HITPOINT WARNING * * *
You block the nine-headed hydra's attack.
The nine-headed hydra bites you!
* * * LOW HITPOINT WARNING * * *
The nine-headed hydra bites you but does no damage. x2
The nine-headed hydra bites you!
You die...

..##P..............##...###...#
..####.............###........#
..# ##..............##........#
..# #..#...........###..#.#....#
..# ##.............##...#......#
..###...##......##.##...#......#
..#.#..........................#
...............................#
................@D.............#
..##....P#.....P......#.#.......#
........###....#................#
..........................>
...........................
.....#.P...................
....####.......#.......#...
.......#.............#.#...
......##..##...................


You could see a nine-headed hydra.

Vanquished Creatures
  Erolcha (D:9)
  2 hydras
  Urug (D:10)
  An ugly thing (D:9)
  A deep elf mage (D:10)
  3 spiny frogs
  3 komodo dragons
  2 trolls
  2 polar bears (D:10)
  A hornet (D:10)
  5 dream sheep (Lair:2)
  A spriggan (Lair:2)
  2 hippogriffs
  A wraith (D:11)
  A wyvern (D:8)
  29 yaks
  A basilisk (Lair:1)
  A steam dragon (D:9)
  A water moccasin (Lair:2)
  2 porcupines
  3 orc warriors
  4 ice beasts
  2 phantoms
  3 ogres
  2 black bears
  An eye of draining (D:9)
  3 sky beasts
  4 wolves
  2 centaurs
  3 crocodiles
  An elf zombie (D:5)
  17 bullfrogs
  8 scorpions
  6 killer bees
  4 electric eels (D:10)
  A howler monkey (D:6)
  A bullfrog zombie (D:9)
  3 centaur zombies (Ossuary)
  3 crimson imps
  A wyvern simulacrum (D:10)
  A human zombie (Ossuary)
  3 bullfrog skeletons
  A hound (D:4)
  5 jellies
  8 orc wizards
  8 orc priests
  2 human skeletons (D:5)
  3 iguanas
  Natasha (twice) (D:2)
  7 worker ants
  A killer bee zombie (D:6)
  2 bullfrog simulacra (D:10)
  A hound zombie (D:7)
  3 hound skeletons
  3 mummies (Ossuary)
  14 adders
  4 gnolls (D:7)
  3 scorpion zombies (Ossuary)
  A hound simulacrum (D:10)
  A shadow imp (D:5)
  2 white imps (D:10)
  2 worker ant simulacra (D:10)
  An ooze (D:1)
  3 worms
  4 dart slugs
  8 leopard geckos
  43 orcs
  3 giant cockroaches
  4 gnoll zombies (Ossuary)
  6 goblins
  3 hobgoblins (D:1)
  18 jackals
  6 quokkas
  2 ball pythons
  3 bats
  3 frilled lizards
  A goblin skeleton (D:8)
  3 goblin zombies (Ossuary)
  5 hobgoblin zombies
  A jackal skeleton (D:4)
  4 kobolds
  3 kobold skeletons (D:8)
  2 kobold zombies (Ossuary)
  4 orc skeletons
  4 orc zombies
  2 rats
  A plant (Lair:1)
347 creatures vanquished.

Vanquished Creatures (others)
  A polar bear (D:10)
  A scorpion (Ossuary)
  A worker ant (D:11)
  An orc zombie (Ossuary)
  4 plants (D:8)
8 creatures vanquished.

Grand Total: 355 creatures vanquished

Notes
Turn   | Place    | Note
-------+----------+-------------------------------------------
     0 | D:1      | Brozuf the Troll Monk began the quest for the Orb.
     0 | D:1      | Reached XP level 1. HP: 22/22 MP: 0/0
   118 | D:1      | You fall into a shaft and drop 1 floor!
   171 | D:2      | Reached XP level 2. HP: 27/29 MP: 1/1
   399 | D:2      | Reached XP level 3. HP: 36/36 MP: 2/2
   420 | D:2      | Found a glowing silver altar of Zin.
   445 | D:2      | Noticed Natasha
   463 | D:2      | Killed Natasha
   463 | D:2      | Reached skill level 4 in Unarmed Combat
   846 | D:1      | Reached XP level 4. HP: 45/45 MP: 3/3
  1082 | D:2      | Noticed Natasha
  1090 | D:2      | Killed Natasha
  1257 | D:2      | Found an iron altar of Okawaru.
  1663 | D:3      | Found a radiant altar of Vehumet.
  1831 | D:3      | Found a faded altar of an unknown god.
  1837 | D:3      | Reached skill level 5 in Unarmed Combat
  1974 | D:3      | Found a blossoming altar of Fedhas.
  2075 | D:3      | Reached XP level 5. HP: 53/53 MP: 4/4
  2297 | D:4      | Noticed an ogre
  2610 | D:4      | Reached XP level 6. HP: 61/62 MP: 5/5
  2615 | D:4      | Reached skill level 6 in Unarmed Combat
  3246 | D:5      | Entered Level 5 of the Dungeon
  3286 | D:5      | Reached XP level 7. HP: 60/71 MP: 6/6
  3293 | D:5      | Found a staircase to the Ecumenical Temple.
  3298 | Temple   | Entered the Ecumenical Temple
  3319 | Temple   | Became a worshipper of Ru the Awakened
  3320 | Temple   | Gained mutation: You cannot be stealthy. [Ru sacrifice]
  3351 | D:5      | Reached skill level 7 in Unarmed Combat
  3373 | D:5      | Found a large runed translucent door.
  3373 | D:5      | Found a large runed translucent door.
  3377 | D:5      | Noticed kalagan's ghost (novice GrEE)
  3440 | D:5      | Noticed a hippogriff
  3458 | D:5      | Killed a hippogriff
  3464 | D:5      | Reached skill level 5 in Fighting
  3464 | D:5      | Reached skill level 8 in Unarmed Combat
  3540 | D:5      | Reached XP level 8. HP: 75/80 MP: 7/7
  3578 | D:5      | Found a sand-covered staircase.
  3588 | Ossuary  | Entered an ossuary
  3692 | Ossuary  | Reached skill level 9 in Unarmed Combat
  4368 | D:5      | Found Fehih's Weapon Shop.
  4410 | D:5      | Found a snail-covered altar of Cheibriados.
  4597 | D:5      | Reached skill level 10 in Unarmed Combat
  4771 | D:5      | Found an ornate altar of the Wu Jian Council.
  5084 | D:6      | Reached XP level 9. HP: 73/89 MP: 8/8
  5317 | D:6      | Found a stormy altar of Qazlal.
  5906 | D:7      | Found Leptugig's Assorted Antiques.
  5909 | D:7      | Found Naelei's Gadget Boutique.
  5949 | D:6      | Gained mutation: You are hated by all. [Ru sacrifice]
  5949 | D:6      | Reached * piety under Ru
  5949 | D:6      | Reached ** piety under Ru
  5963 | D:7      | Bought a scroll of identify for 58 gold pieces
  6045 | D:7      | Found Vuzuj's Armour Boutique.
  6373 | D:7      | Found Buyrr's General Store.
  6381 | D:7      | Bought a scroll of identify for 20 gold pieces
  6381 | D:7      | Bought a potion of curing for 30 gold pieces
  6896 | D:8      | Reached skill level 11 in Unarmed Combat
  6933 | D:8      | Found an ancient bone altar of Kikubaaqudgha.
  6974 | D:8      | Found a glowing golden altar of the Shining One.
  7057 | D:8      | Found a stormy altar of Qazlal.
  7161 | D:8      | Gained mutation: Your casting is slightly disrupted. [Ru
                  | sacrifice]
  7280 | D:8      | Found a runed translucent gate.
  7280 | D:8      | Found a runed translucent gate.
  7280 | D:8      | Found a runed translucent gate.
  7280 | D:8      | Noticed a nine-headed hydra
  7281 | D:8      | Noticed Emblim88's ghost (novice SpHu)
  7634 | D:9      | Noticed a purple ugly thing
  7636 | D:9      | Noticed Erolcha
  7692 | D:9      | Reached XP level 10. HP: 58/102 MP: 9/9
  7950 | D:9      | Noticed a -1 hand axe
  7950 | D:9      | Noticed a +0 dagger
  8176 | D:7      | Reached skill level 12 in Unarmed Combat
  8337 | D:9      | Found Zupiocwo's Weapon Shop.
  8360 | D:9      | Found a shimmering altar of Xom.
  8453 | D:9      | Reached skill level 5 in Dodging
  8728 | D:9      | Killed Erolcha
  8746 | D:9      | Killed a purple ugly thing
  8989 | D:9      | Found a hide-covered altar of Uskayaw.
  9219 | D:10     | Entered Level 10 of the Dungeon
  9557 | D:10     | Reached XP level 11. HP: 96/111 MP: 10/10
  9569 | D:10     | Reached skill level 13 in Unarmed Combat
  9726 | D:10     | Found a staircase to the Orcish Mines.
  9762 | D:10     | Noticed a deep elf mage
  9775 | D:10     | Killed a deep elf mage
  9813 | D:10     | Found a staircase to the Lair.
  9849 | D:10     | Noticed Urug
 10054 | D:10     | Killed Urug
 10211 | D:10     | Paralysed by a hornet for 3 turns
 10893 | D:11     | Noticed a seven-headed hydra
 11118 | Lair:1   | Entered Level 1 of the Lair of Beasts
 11120 | Lair:1   | Noticed a seven-headed hydra
 11131 | Lair:1   | Killed an 11-headed hydra
 11131 | Lair:1   | Reached skill level 14 in Unarmed Combat
 12242 | Lair:2   | Reached skill level 1 in Shields
 12242 | Lair:2   | Reached XP level 12. HP: 95/123 MP: 7/11
 12371 | Lair:2   | Noticed a four-headed hydra
 12379 | Lair:2   | Killed a seven-headed hydra
 12781 | Lair:2   | Noticed a seven-headed hydra
 12796 | Lair:2   | Slain by a nine-headed hydra

Levels and vault maps discovered:
D:1:      lightli_arrival_farm, layout_loops_ring
D:2:      layout_loops_cross, okawaru_ov_weapons_minmay, old_standard_altar,
          roderic_lattice_a, kennysheep_generic_room_11, uniq_natasha
D:3:      layout_rooms, vehumet_crystals, marbit_many_paths,
          chequers_ecumenical_altar_island, feat_on_display
D:4:      layout_basic, tgw_sif, first_ration, kennysheep_generic_room_2
D:5:      kennysheep_big_flooded_room, layout_loops_ring, lemuel_doored_altar,
          old_standard_altar, minmay_temple_entry_wispy,
          nicolae_ossuary_entry_catacombs, serial_shops, shop,
          ebering_ghost_disaster_area, item_on_display_b
D:6:      cheibrodos_helix_gallery, layout_basic, lemuel_crystal_altar
D:7:      layout_gridville, serial_shops, shop, nicolae_shop_crystal,
          nicolae_shop_statue_plus, nicolae_shop_stone, st_stairs_9
D:8:      layout_loops_ring, nicolae_overflow_crystal_walls,
          nicolae_tso_besieged_by_evil, gammafunk_ghost_hydra_chop,
          grunt_qazlal_sundering
D:9:      layout_irregular_city, dancing_weapons_uskayaw, kennysheep_little_box,
          serial_shops, shop_statue, uniq_erolcha
D:10:     layout_basic, lair_entry_dummy, david_orc_2, serial_ice, serial_ice_c,
          serial_ice_n, serial_ice_f, serial_ice_m, serial_bayou_ford_a,
          uniq_urug
D:11:     cheibrodos_fzero, layout_cross
Temple:   eino_wide_crystal_templ
Lair:1:   layout_cave_pods, st_stairs_11, hibernation_bobbens
Lair:2:   layout_gridlike, grunt_forest_stairs_clearing

Skill      XL: |  1  2  3  4  5  6  7  8  9 10 11 12 |
---------------+-------------------------------------+-----
Fighting       | 3 4 5 6 7 8 9 |  9.5
Unarmed Combat | 4 5 6 8 10 11 12 14 | 14.5
Stealth        | 0 |  0.0
Dodging        | 4 5 7 |  7.1
Shields        | 1 3 |  3.4

Action                   |  1- 3 |  4- 6 |  7- 9 | 10-12 || total
-------------------------+-------+-------+-------+-------++-------
Melee: Unarmed           |    77 |   105 |   381 |   449 ||  1012
       Punch             |     3 |     3 |    19 |    30 ||    55
Throw: Stone             |     6 |     9 |       |       ||    15
       Dart              |     1 |       |       |     3 ||     4
       Large rock        |       |       |       |     2 ||     2
Invok: Sacrifice Stealth |       |       |     1 |       ||     1
       Sacrifice Essence |       |       |     1 |       ||     1
       Sacrifice Love    |       |       |     1 |       ||     1
       Reject Sacrifices |       |       |       |     1 ||     1
Evoke: Wand              |       |     4 |     1 |    21 ||    26
  Use: Scroll            |       |     8 |    14 |     8 ||    30
 Stab: Sleeping          |       |     3 |       |       ||     3
       Distracted        |       |       |     1 |     1 ||     2
  Eat: Chunk             |     5 |    27 |    36 |    47 ||   115
       Ration            |       |     1 |       |     1 ||     2
Armor: Robe              |    24 |    35 |    77 |    11 ||   147
       Troll leather arm |       |       |       |   121 ||   121
Dodge: Dodged            |    32 |    40 |   172 |   209 ||   453
Block: Shield            |       |       |       |    58 ||    58
